 Dungeon Crawl Stone Soup version 0.28-a0-401-ge240ad9e29 (webtiles) character file.

Game seed: 12839108210901015649

32 sizableburger the Skirmisher (level 3, 0/29 HPs)
             Began as a Mummy Abyssal Knight on Sept 5, 2021.
             Was a Follower of Lugonu.
             Slain by a goblin (2 damage)
             ... led by Robin
             ... on level 1 of the Dungeon.
             The game lasted 00:03:01 (1234 turns).

sizableburger the Skirmisher (Mummy Abyssal Knight) Turns: 1234, Time: 00:03:02

Health: 0/29       AC:  5    Str: 16    XL:     3   Next: 8%
Magic:  4/4        EV: 10    Int: 11    God:    Lugonu [*.....]
Gold:   134        SH:  0    Dex: 11    Spells: 2/2 levels left

rFire   x . .      SeeInvis .   a - +1 spear
rCold   + . .      Faith    .   (no shield)
rNeg    + + +      Spirit   .   f - +0 ring mail
rPois   ∞          Reflect  .   (no helmet)
rElec   .          Harm     .   (no cloak)
rCorr   .          Rampage  .   (no gloves)
Will    .....                   (no boots)
Stlth   +.........              (no amulet)
HPRegen 0.09/turn               (no ring)
MPRegen 0.09/turn               (no ring)

@: no status effects
A: cold resistance 1, negative energy resistance 3, torment resistance 2, heat
vulnerability 1, no potions
a: Renounce Religion, Depart the Abyss


You were on level 1 of the Dungeon.
You worshipped Lugonu.
Lugonu was aware of your devotion.
You visited 1 branch of the dungeon, and saw 2 of its levels.
You visited the Abyss 1 time.

You collected 134 gold pieces.

Inventory:

Hand Weapons
 a - a +1 spear (weapon)
Armour
 e - a +0 chain mail
 f - a +0 ring mail (worn)
 g - a +0 buckler
Jewellery
 b - a ring of protection from cold
Scrolls
 c - a scroll of identify {unknown}
 d - 2 scrolls of blinking {unknown}


   Skills:
 - Level 3.0 Fighting
 + Level 3.0 Polearms
 - Level 1.5 Armour
 - Level 0.7 Dodging
 - Level 1.5 Invocations


You had 2 spell levels left.
You didn't know any spells.
Your spell library was empty.

Dungeon Overview and Level Annotations

Branches:
Dungeon (2/15)

Altars:

Shops:
D:2 ?

Annotations:
D:2 Robin


Innate Abilities, Weirdness & Mutations

You are immune to poison.
Your flesh is cold resistant. (rC+)
You are immune to negative energy. (rN+++)
You are immune to unholy pain and torment.
You are vulnerable to heat. (rF-)
You do not drink.


Message History

You hit the goblin.
You kill the goblin!
Lugonu accepts your kill. The goblin hits you with a +0 dagger.
The goblin completely misses you. The hobgoblin barely misses you.
Your Polearms skill increases to level 3!
Found a book of Minor Magic.
You see here a +0 club.
The goblin hits you with a +0 dagger. Robin throws the goblin at you!
The goblin hits you but does no damage.
You hit the goblin.
The goblin is heavily wounded.
Robin throws the goblin at you! The goblin barely misses you.
The hobgoblin hits you.
The goblin closely misses you. x2; The goblin barely misses you.
Robin throws the goblin at you! The goblin hits you but does no damage.
The goblin closely misses you. The goblin barely misses you.
The goblin hits you with a +0 club. Robin throws the goblin at you!
The goblin hits you with a +0 club.
* * * LOW HITPOINT WARNING * * *
The goblin no longer looks unusually strong.
The goblin hits you with a +0 dagger.
* * * LOW HITPOINT WARNING * * *
The hobgoblin no longer looks unusually strong. x2
The goblin closely misses you.
The goblin no longer looks unusually strong.
The hobgoblin no longer looks unusually strong.
There is a stone staircase leading up here.
The goblin no longer looks unusually strong. x2
The goblin barely misses you.
Robin roars a battlecry!
The goblins go into a battle-frenzy!
The goblin hits you with a +0 club.
* * * LOW HITPOINT WARNING * * *
You climb upwards.
There is a stone staircase leading down here.
You can't drink.
Okay, then.
The goblin closely misses you. The goblin hits you with a +0 club.
You die...

#÷..÷!.# #...# #.# #.....8#
#######.# #......######....#
#.÷......#.......#
#8.8.8.#.#.##....#
########.#.......############
#.....................
#...g.....##.........#
#...>@................
#...g.#####...######.#
#.........#...# #.#
#.........+...# ##..
######....##..#####...
#####................
#.............####...
#.###########.#......
#.........###...#....


You could see 2 goblins.

Vanquished Creatures
  2 dart slugs (D:1)
  6 bats (D:1)
  An endoplasm (D:1)
  A giant cockroach (D:2)
  4 goblins
  3 hobgoblins
  3 kobolds
  A quokka (D:1)
  2 ball pythons (D:1)
  A frilled lizard (D:1)
  2 rats
26 creatures vanquished.

Notes
Turn   | Place    | Note
-------+----------+-------------------------------------------
     0 | Abyss:1  | sizableburger the Mummy Abyssal Knight began the quest for
                  | the Orb.
     0 | Abyss:1  | Reached XP level 1. HP: 18/18 MP: 2/2
    95 | Abyss:1  | Noticed a wraith
   121 | Abyss:1  | Noticed a thrashing horror
   123 | D:1      | Escaped the Abyss
   170 | D:1      | Found a faded altar of an unknown god.
   276 | D:1      | Reached * piety under Lugonu
   281 | D:1      | Reached XP level 2. HP: 22/24 MP: 3/3
  1116 | D:2      | Found Kuseruo's Magic Scroll Shoppe.
  1166 | D:2      | Reached XP level 3. HP: 29/29 MP: 4/4
  1207 | D:2      | Noticed Robin
  1234 | D:1      | Slain by a goblin

Illustrated notes

Levels and vault maps discovered:
D:1:      dpeg_arrival_pond, layout_basic, shapermc_ecumenical_altar_pompeii
D:2:      layout_basic, serial_shops, shop_coins, minmay_cupped, uniq_robin

Skill      XL: |  1  2  3 |
---------------+----------+-----
Polearms       | 2 3 |  3.0
Fighting       | |  3.0
Armour         | |  1.5
Dodging        | |  0.7
Invocations    | |  1.5

Action                   || total
-------------------------++-------
Melee: Spear             ||    81
Invok: Depart the Abyss  ||     1
 Stab: Sleeping          ||     1
Armor: Leather armour    ||     9
       Ring mail         ||     8
Dodge: Dodged            ||    49

Table legend: (Time is in decaauts)
 A = Elapsed time spent in this place.
 B = Non-inter-level travel time spent in this place.
 C = Inter-level travel time spent in this place.
 D = Time resting spent in this place.
 E = Time spent auto-exploring this place.
 F = Levels seen in this place.
 G = Mean time per level.
                   A        B        C        D        E       F      G
               +--------+--------+--------+--------+--------+-----+--------+
         Total |   1233 |   1138 |     95 |    139 |    702 |   3 |  411.0 |
       Dungeon |   1110 |   1015 |     95 |    139 |    609 |   2 |  555.0 |
         Abyss |    123 |    123 |      0 |      0 |     93 |   1 |  123.0 |
               +--------+--------+--------+--------+--------+-----+--------+

Top non-repeatable levels by time:
     D:1: 984 daAuts
     D:2: 126 daAuts
 Abyss:1: 123 daAuts
